 Dungeon Crawl Stone Soup version 0.22-a0-282-gdd34a7dfb5 (webtiles) character file.

198 Qrupt the Poker (level 5, -10/38 HPs)
             Began as a Demonspawn Gladiator on Mar 18, 2018.
             Was a Believer of Cheibriados.
             Mangled by kroki's ghost (12 damage)
             ... on level 4 of the Dungeon.
             The game lasted 00:05:12 (2821 turns).

Qrupt the Poker (Demonspawn Gladiator)              Turns: 2821, Time: 00:05:13

Health: -10/38     AC:  4    Str: 25    XL:     5   Next: 47%
Magic:  5/5        EV: 13    Int: 14    God:    Cheibriados [**....]
Gold:   128        SH:  4    Dex: 20    Spells: 4/4 levels left

rFire    . . .     SeeInvis .   a - +0 trident
rCold    + . .     Gourm    .   (no shield)
rNeg     . . .     Faith    .   b - +0 leather armour
rPois    .         Spirit   .   c - +0 helmet
rElec    .         Reflect  .   (no cloak)
rCorr    .         Harm     .   (no gloves)
MR       .....                  (no boots)
Stlth    +.........             (no amulet)
HPRegen  0.12/turn              m - ring of protection from cold
MPRegen  0.09/turn              (no ring)

@: mighty, very slow
A: hooves 2, large bone plates 1, mutation resistance 1, powered by pain 1,
MP-powered wands
a: Bend Time, Renounce Religion


You were on level 4 of the Dungeon.
You worshipped Cheibriados.
Cheibriados was pleased with you.
You were not hungry.

You visited 1 branch of the dungeon, and saw 4 of its levels.

You collected 128 gold pieces.

Inventory:

Hand Weapons
 a - a +0 trident (weapon)
Missiles
 d - 3 throwing nets (quivered)
Armour
 b - a +0 leather armour (worn)
 c - a +0 helmet (worn)
Jewellery
 m - a ring of protection from cold (left hand)
 p - an uncursed ring of fire {unknown}
Wands
 h - a wand of iceblast (10)
 j - a wand of digging (17)
Scrolls
 e - 2 scrolls of teleportation
 g - a scroll of enchant weapon {unknown}
 l - 4 scrolls of identify
 q - 2 scrolls of remove curse {unknown}
 r - a scroll of amnesia {unknown}
Potions
 i - a potion of mutation
 n - a potion of might
Comestibles
 f - 8 rations


   Skills:
 - Level 2.0 Fighting
 + Level 5.7 Polearms
 - Level 1.7 Throwing
 - Level 2.6 Dodging


You had 4 spell levels left.
You didn't know any spells.

Dungeon Overview and Level Annotations

Branches:
Dungeon (4/15)
 Temple: D:4-7

Altars:
Cheibriados

Annotations:
D:4 kroki's ghost, novice NaFi


Innate Abilities, Weirdness & Mutations

You have hoof-like feet.
You are partially covered in large bone plates. (SH +4)
You sometimes gain a little power by taking damage.
You are somewhat resistant to further mutation.
You expend magic power (3 MP) to strengthen your wands.


Message History

Kroki's ghost hits you!
* * * LOW HITPOINT WARNING * * *
Okay, then.
You barely miss kroki's ghost.
You kick kroki's ghost, but do no damage.
Kroki's ghost is heavily damaged.
Kroki's ghost misses you.
A quokka skeleton comes into view.
You puncture kroki's ghost!
Kroki's ghost is severely damaged.
You block kroki's ghost's attack.
You hit kroki's ghost. You kick kroki's ghost!
Kroki's ghost is almost destroyed.
Kroki's ghost hits you but does no damage.
Your leather armour prevents you from hitting kroki's ghost.
You kick kroki's ghost, but do no damage.
Kroki's ghost is almost destroyed.
The howler monkey hoots and howls with incredible vigour!
Kroki's ghost hits you!
You die...

############ #............
...........##########.........###
...........#........#......#### #
...........#........#......# #
....................#############
....................# #.......
............###h..########.....##
............# #W####....##.....#
............###.@..#.##.##.....#
.............Z............>#####
###########.#####.....#.#########
........#####..#....#........
###.###.....#..#......#######
##.##.#####.##.....#
#.......#[#.....##.....#
#######.#.#.##..##.#.###
#......#..##.#.#


You could see a howler monkey, kroki's ghost and a quokka skeleton.

Vanquished Creatures
  A hound (D:3)
  A bullfrog skeleton (D:3)
  A worker ant (D:4)
  5 adders
  2 oozes
  A leopard gecko (D:3)
  3 orcs
  2 ball pythons (D:2)
  4 giant cockroaches
  5 goblins
  9 hobgoblins
  6 jackals
  4 kobolds
  4 bats
  3 frilled lizards
  11 rats
62 creatures vanquished.

Notes
Turn   | Place    | Note
-------+----------+-------------------------------------------
     0 | D:1      | Qrupt the Demonspawn Gladiator began the quest for the Orb.
     0 | D:1      | Reached XP level 1. HP: 16/16 MP: 1/1
   117 | D:1      | Reached skill level 3 in Polearms
   247 | D:1      | Gained mutation: You have large cloven feet. [demonic ancestry]
   247 | D:1      | Reached XP level 2. HP: 15/22 MP: 2/2
  1021 | D:2      | Found a faded altar of an unknown god.
  1031 | D:2      | Became a worshipper of Cheibriados the Contemplative
  1031 | D:2      | Reached * piety under Cheibriados
  1253 | D:2      | Gained mutation: You are partially covered in large bone plates. (SH +4) [demonic ancestry]
  1253 | D:2      | Reached XP level 3. HP: 25/27 MP: 3/3
  1258 | D:2      | Reached skill level 4 in Polearms
  1676 | D:2      | Reached ** piety under Cheibriados
  1676 | D:2      | Gained mutation: You have hoof-like feet. [demonic ancestry]
  1676 | D:2      | Reached XP level 4. HP: 19/33 MP: 4/4
  1911 | D:3      | Reached skill level 5 in Polearms
  2440 | D:3      | Gained mutation: You expend magic power (3 MP) to strengthen your wands. [potion of mutation]
  2440 | D:3      | Gained mutation: You are somewhat resistant to further mutation. [potion of mutation]
  2447 | D:3      | Gained mutation: You sometimes gain a little power by taking damage. [demonic ancestry]
  2447 | D:3      | Reached XP level 5. HP: 24/38 MP: 5/5
  2796 | D:4      | Noticed kroki's ghost (novice NaFi)
  2817 | D:4      | HP: 1/38 [kroki's ghost (11)]
  2821 | D:4      | Mangled by kroki's ghost

Vault maps used:
D:1:      lightli_arrival_lavapool
D:2:      minmay_diamond_boxcup, chequers_ecumenical_altar_simple_redux,
          minmay_door_square
D:3:      first_ration, gup_sewer_entry_bubbles
D:4:      yredelemnul_altar_generic

Skill      XL: |  1  2  3  4 |
---------------+-------------+-----
Polearms       | 3 4 5 |  5.7
Fighting       | |  2.0
Throwing       | |  1.7
Dodging        | |  2.6

Action                   |  1- 3 |  4- 6 || total
-------------------------+-------+-------++-------
Melee: Trident           |    93 |    63 ||   156
       Kick              |    15 |    21 ||    36
  Use: Potion            |       |     7 ||     7
       Scroll            |       |     2 ||     2
 Stab: Sleeping          |     3 |       ||     3
  Eat: Chunk             |     1 |     2 ||     3
Armor: Leather armour    |    11 |    14 ||    25
Dodge: Dodged            |    43 |    44 ||    87
Block: Other             |     6 |    15 ||    21

Table legend:
 A = Spawn XP
 B = Non-spawn XP
 C = Spawn XP percentage of total XP
 D = Spawn monster count
 E = Non-spawn monster count
 F = Spawn count percentage of total count
 G = Total turns spent on level
                    A         B        C        D         E        F      G
               +---------+---------+-------+---------+---------+-------+---------
         Total |       0 |     283 |   0.0 |       0 |      62 |   0.0 |  2821
               +---------+---------+-------+---------+---------+-------+---------
           D:1 |       0 |      33 |   0.0 |       0 |      18 |   0.0 |   996
           D:2 |       0 |      87 |   0.0 |       0 |      21 |   0.0 |   902
           D:3 |       0 |     127 |   0.0 |       0 |      21 |   0.0 |   741
           D:4 |       0 |      36 |   0.0 |       0 |       2 |   0.0 |   182
               +---------+---------+-------+---------+---------+-------+---------
